 Dungeon Crawl Stone Soup version 0.28.0-1-gb440e238dd (webtiles) character file.

Game seed: 8368875159535373361

114 Sanktem7 the Skirmisher (level 4, -6/42 HPs)
             Began as a Minotaur Fighter on Feb 25, 2022.
             Mangled by a gnoll (8 damage)
             ... on level 2 of the Dungeon.
             The game lasted 00:03:36 (1637 turns).

Sanktem7 the Skirmisher (Minotaur Fighter)          Turns: 1637, Time: 00:03:36

Health: -6/42      AC:  8    Str: 23    XL:     4   Next: 67%
Magic:  3/3        EV:  9    Int:  5    God:
Gold:   104        SH:  4    Dex:  9    Spells: 3/3 levels left

rFire   . . .      SeeInvis .   a - +0 war axe {axe}
rCold   . . .      Faith    .   c - +0 buckler
rNeg    . . .      Spirit   .   b - +0 scale mail
rPois   .          Reflect  .   (helmet restricted)
rElec   .          Harm     .   (no cloak)
rCorr   .          Rampage  .   (no gloves)
Will    .....                   e - +0 pair of boots
Stlth   ..........              (no amulet)
HPRegen 0.14/turn               (no ring)
MPRegen 0.08/turn               (no ring)

@: no status effects
A: horns 2, retaliatory headbutt
a: no special abilities


You were on level 2 of the Dungeon.
You visited 1 branch of the dungeon, and saw 2 of its levels.

You collected 104 gold pieces.


Innate Abilities, Weirdness & Mutations

You have a pair of horns on your head.
You reflexively headbutt those who attack you in melee.


   Skills:
 * Level 5.0 Fighting
 * Level 4.2 Axes
 + Level 4.3 Armour
 - Level 3.6 Shields


You had 3 spell levels left.
You didn't know any spells.
Your spell library was empty.

Inventory:

Hand Weapons
 a - a +0 war axe (weapon) {axe}
Missiles
 f - 55 stones (quivered) {throwing}
 h - 2 silver javelins {throwing}
 i - 11 sling bullets
 j - 43 bolts
Armour
 b - a +0 scale mail (worn)
 c - a +0 buckler (worn)
 e - a +0 pair of boots (worn)
   (You found it on level 1 of the Dungeon)
Scrolls
 g - a scroll of identify {unknown}
 k - 2 scrolls of teleportation {unknown}
Potions
 d - a potion of might

Dungeon Overview and Level Annotations

Branches:
Dungeon (2/15)

Altars:

##.#.###.# ##..# #.
#.###.†..# .....# #.
##.#.###.###.##.##
##.
#.###.####.....##.###
###..
#..........#.####...#
####....
#.....<..............
........
#.##................#
####.##. #
#........).)....## #.
#. #.........@)....#
# #.
#...#.##..g....$.. #.
#........)........ #.
#..<####........## #.
##.#.###.# ## #. .#
.# # #. ## # # #.


You could see a gnoll.


Message History

No target in view!
No target in view!
No target in view!
No target in view!
No target in view!
No target in view!
A giant cockroach comes into view.
A giant cockroach is nearby!
A giant cockroach is nearby!
You hit the giant cockroach. You block the giant cockroach's attack.
The giant cockroach bites you but does no damage.
You slash the giant cockroach!
You kill the giant cockroach!
No target in view!
No target in view!
No target in view!
No target in view!
No target in view!
You see here a giant cockroach corpse.
A gnoll comes into view. It is wielding a +1 spear of venom.
The gnoll shouts!
A gnoll is nearby!
A gnoll is nearby!
A gnoll comes into view. It is wielding a +2 vorpal flail.
The gnoll shouts!
You hear a shout!
A gnoll and a goblin come into view.
The gnoll shouts!
A gnoll comes into view. It is wielding a +0 whip.
The gnoll shouts!
You block the gnoll's attack.
You slash the gnoll!
You kill the gnoll!
Your Axes skill increases to level 4!
You closely miss the gnoll. The gnoll misses you.
The gnoll hits you with a +2 vorpal flail. 😕 HP[-3]
You take 3 damage, and now have 38/41 hp.
You slash the gnoll! You headbutt the gnoll. You hit the goblin.
You block the gnoll's attack. You block the goblin's attack.
The gnoll closely misses you.
You barely miss the gnoll. You headbutt the gnoll.
You kill the gnoll!
You closely miss the goblin. The gnoll barely misses you.
The goblin completely misses you. The gnoll barely misses you.
The goblin hits you but does no damage. The gnoll closely misses you.
Your Fighting skill increases to level 5! 😕 HP[+1]
You now have 42 max hp (+1).
You hit the goblin.
You kill the goblin!
You hit the gnoll but do no damage. The gnoll hits you with a +0 whip.
The gnoll barely misses you. 😕 HP[-1]
You take 1 damage, and now have 38/42 hp.
You closely miss the gnoll. You headbutt the gnoll!
The gnoll hits you from afar with a +0 halberd! 😮 HP[-10]
You take 10 damage, and now have 28/42 hp.
MASSIVE DAMAGE!! (PAUSE)
You are too injured to fight recklessly!
You are too injured to fight recklessly!
You are too injured to fight recklessly!
You are too injured to fight recklessly!
You are too injured to fight recklessly!
You are too injured to fight recklessly!
You are too injured to fight recklessly!
You slash the gnoll!
You kill the gnoll!
The gnoll hits you from afar with a +0 halberd!
* * * LOW HITPOINT WARNING * * *
The gnoll hits you from afar with a +0 halberd.
* * * LOW HITPOINT WARNING * * *
😨 HP[-13]
You take 13 damage, and now have 15/42 hp.
MASSIVE DAMAGE!! (PAUSE)
You block the gnoll's attack.
Things that are here:
a +1 spear of venom {polearm}; a gnoll corpse 😨 HP[+1]
You barely miss the gnoll. The gnoll hits you but does no damage.
You closely miss the gnoll.
You headbutt the gnoll, but do no damage.
The gnoll hits you with a +0 halberd.
* * * LOW HITPOINT WARNING * * *
😨 HP[-3]
You take 3 damage, and now have 13/42 hp.
You completely miss the gnoll. The gnoll hits you with a +0 halberd.
* * * LOW HITPOINT WARNING * * *
The gnoll hits you with a +0 halberd!
* * * LOW HITPOINT WARNING * * *
😱 HP[-12]
You take 12 damage, and now have 1/42 hp.
MASSIVE DAMAGE!! (PAUSE)
You hit the gnoll.
You headbutt the gnoll, but do no damage.
The gnoll barely misses you. You furiously retaliate!
You headbutt the gnoll, but do no damage.
You completely miss the gnoll. Your headbutt misses the gnoll.
The gnoll hits you with a +0 halberd!
You die...

Skill      XL: |  1  2  3  4 |
---------------+-------------+-----
Fighting       | 4 5 |  5.0
Axes           | 3 4 |  4.2
Armour         | 4 |  4.3
Shields        | |  3.6

Action                   |  1- 3 |  4- 6 || total
-------------------------+-------+-------++-------
Melee: War axe           |    70 |    20 ||    90
       Headbutt          |     9 |     7 ||    16
Throw: Stone             |     4 |     7 ||    11
Armor: Scale mail        |    40 |     7 ||    47
Dodge: Dodged            |    22 |    10 ||    32
Block: Buckler           |    12 |     5 ||    17

Levels and vault maps discovered:
D:1:      dpeg_arrival_solitude, layout_loops_cross,
          amcnicky_mini_rare_corridor_liquid
D:2:      layout_loops_ring, basic_altar, basic_ecumenical_altar, uniq_robin,
          uniq_jessica

Notes
Turn   | Place    | Note
-------+----------+-------------------------------------------
     0 | D:1      | Sanktem7 the Minotaur Fighter began the quest for the Orb.
     0 | D:1      | Reached XP level 1. HP: 19/19 MP: 0/0
     0 | D:1      | magus.rc [v1.9.6]
   150 | D:1      | Reached XP level 2. HP: 27/27 MP: 1/1
   165 | D:1      | Reached skill level 4 in Fighting
   225 | D:1      | Reached skill level 3 in Axes
   690 | D:1      | Reached XP level 3. HP: 33/33 MP: 2/2
   737 | D:1      | Reached skill level 4 in Armour
   950 | D:2      | Noticed Jessica
   968 | D:2      | Killed Jessica
  1219 | D:2      | Reached XP level 4. HP: 41/41 MP: 3/3
  1234 | D:2      | Found a faded altar of an unknown god.
  1263 | D:2      | HP: 10/41 [poisoned by an adder]
  1626 | D:2      | Reached skill level 4 in Axes
  1629 | D:2      | Reached skill level 5 in Fighting
  1635 | D:2      | HP: 9/42 [gnoll (4)]
  1635 | D:2      | HP: 1/42 [gnoll (8)]
  1637 | D:2      | Mangled by a gnoll

Vanquished Creatures
  Jessica (D:2)
  3 gnolls (D:2)
  An adder (D:2)
  2 dart slugs
  4 ball pythons (D:1)
  6 bats
  6 endoplasms
  A giant cockroach (D:2)
  3 goblins
  3 hobgoblins
  6 kobolds
  3 quokkas
  3 frilled lizards (D:1)
  4 rats (D:1)
46 creatures vanquished.

Table legend:
 A = Non-vault XP
 B = Vault XP
 C = Vault XP percentage of total XP
 D = Non-vault monster count
 E = Vault monster count
 F = Vault count percentage of total count
                 A         B        C        D         E       F
            +---------+---------+-------+---------+---------+-------
      Total |     127 |      37 |  22.6 |      45 |       1 |   2.2
            +---------+---------+-------+---------+---------+-------
        D:1 |      50 |       0 |   0.0 |      30 |       0 |   0.0
        D:2 |      77 |      37 |  32.5 |      15 |       1 |   6.2
            +---------+---------+-------+---------+---------+-------

Illustrated notes

Table legend:
 A = Kills in this place as a percentage of kills in entire the game.
 B = Kills by you in this place as a percentage of kills by you in the entire game.
 C = Kills by friends in this place as a percentage of kills by friends in the entire game.
 D = Other kills in this place as a percentage of other kills in the entire game.
 E = Experience gained in this place as a percentage of experience gained in the entire game.
 F = Experience gained in this place divided by the number of levels of this place that you have seen.
                   A       B       C       D       E      F
               +-------+-------+-------+-------+-------+----------------------
         Total | 100.0 | 100.0 |   N/A |   N/A | 100.0 |  82.0
       Dungeon | 100.0 | 100.0 |   N/A |   N/A | 100.0 |  82.0
               +-------+-------+-------+-------+-------+----------------------

Table legend: (Time is in decaauts)
 A = Elapsed time spent in this place.
 B = Non-inter-level travel time spent in this place.
 C = Inter-level travel time spent in this place.
 D = Time resting spent in this place.
 E = Time spent auto-exploring this place.
 F = Levels seen in this place.
 G = Mean time per level.
                   A        B        C        D        E       F      G
               +--------+--------+--------+--------+--------+-----+--------+
         Total |   1671 |   1606 |     65 |    211 |   1113 |   2 |  835.5 |
       Dungeon |   1671 |   1606 |     65 |    211 |   1113 |   2 |  835.5 |
               +--------+--------+--------+--------+--------+-----+--------+

Top non-repeatable levels by time:
     D:1: 965 daAuts
     D:2: 706 daAuts
